 Dungeon Sprint DCSS version 0.18.1-5-g4a78601 (webtiles) character file.

301 Hipnos the Fighter (level 6, -4/66 HPs)
             Began as a Hill Orc Berserker on May 14, 2016.
             Was a Believer of Trog.
             Slain by a yak (17 damage)
             ... in the Dungeon (Sprint I: "Red Sonja").
             The game lasted 00:02:16 (222 turns).

Hipnos the Fighter (Hill Orc Berserker)              Turns: 222, Time: 00:02:17

Health: -4/66      AC: -9    Str: 22    XL:     6   Next: 37%
Magic:  6/6        EV: 13    Int:  7    God:    Trog [**....]
Gold:   162        SH:  0    Dex: 10    Spells: 0 memorised, 5 levels left

rFire  . . .     SeeInvis .     a - +0 falchion
rCold  . . .     Gourm    .     b - +0 animal skin
rNeg   . . .     Faith    .     (no shield)
rPois  .         Spirit   .     (no helmet)
rElec  .         Dismiss  .     (no cloak)
rCorr  .         Reflect  .     (no gloves)
SustAt .         Harm     .     (no boots)
MR     ++...     NoTele   +     (no amulet)
Stlth  +.........               (no ring)
                                (no ring)

@: exhausted, corroded, very slightly contaminated, regenerating, hasted and
slowed, very resistant to hostile enchantments, very unstealthy
A: no striking features
a: Berserk, Trog's Hand, Burn Spellbooks, Renounce Religion


You were in the Dungeon.
You worshipped Trog.
Trog was pleased with you.
You were very hungry.

You visited 1 branch You collected 162 gold pieces.

Inventory:

Hand Weapons
 a - a +0 falchion (weapon)
Armour
 b - a +0 animal skin (worn)
Scrolls
 i - a scroll of blinking
Potions
 g - 2 potions of magic
 h - a potion of berserk rage
Comestibles
 c - a bread ration


   Skills:
 + Level 9.9 Fighting
 + Level 9.6 Long Blades
 + Level 5.0 Armour
 + Level 4.1 Dodging
 + Level 0.1 Stealth


You had 5 spell levels left.
You didn't know any spells.

Dungeon Overview and Level Annotations

Branches:
Dungeon (1/1)

Altars:
Elyvilon
Gozag
Kikubaaqudgha
Makhleb
Nemelex Xobeh
Pakellas
Qazlal
Ru
Sif Muna
Vehumet
Xom
Yredelemnul
Zin
The Shining One

Shops:
D ?


Message History

You feel resistant to hostile enchantments.
You feel slightly more hungry.
The yak snorts and paws the ground.
The yak misses you.
You hit the yak but do no damage.
The yak is heavily wounded.
You barely miss the yak.
The yak is heavily wounded.
The yak closely misses you.
You hit the yak.
The yak is heavily wounded.
The yak gores you.
* * * LOW HITPOINT WARNING * * *
You hit the yak but do no damage.
The yak is heavily wounded.
The yak barely misses you.
You hit the yak but do no damage.
The yak is heavily wounded.
The yak gores you!
You die...

################
#<.#..)..#..'..#
#..)..#..').#..+
#..#####'#####'#
#..# #..# #!#
#..#__#### ##[#
#..#_.___##+#..+
#⌠⌠#_.∩...'Y@._#
####_..._##_.#+#
___ ##+# #


You could see a yak.

Vanquished Creatures
  Sigmund (D)
  An ogre (D)
  A jelly (D)
  Ijyb (D)
4 creatures vanquished.

Notes
Turn   | Place    | Note
--------------------------------------------------------------
     0 | D        | Hipnos the Hill Orc Berserker began the quest for the Orb.
     0 | D        | Reached XP level 1. HP: 19/19 MP: 1/1
     1 | D        | Noticed Ijyb
    10 | D        | Killed Ijyb
    10 | D        | Reached skill level 5 in Fighting
    10 | D        | Reached skill level 5 in Long Blades
    10 | D        | Reached XP level 2. HP: 29/29 MP: 2/2
    10 | D        | Reached XP level 3. HP: 36/36 MP: 3/3
    60 | D        | Noticed an ogre
    68 | D        | Killed an ogre
    68 | D        | Reached ** piety under Trog
    68 | D        | Reached XP level 4. HP: 47/47 MP: 4/4
   119 | D        | Noticed Sigmund
   126 | D        | Killed Sigmund
   126 | D        | Reached XP level 5. HP: 58/58 MP: 5/5
   126 | D        | Reached XP level 6. HP: 66/66 MP: 6/6
   181 | D        | Found a deep blue altar of Sif Muna.
   183 | D        | Found a radiant altar of Vehumet.
   195 | D        | Reached skill level 5 in Armour
   198 | D        | Found Vimnor's Magic Scroll Emporium.
   198 | D        | Found a white marble altar of Elyvilon.
   198 | D        | Found a stormy altar of Qazlal.
   198 | D        | Found a burning altar of Makhleb.
   198 | D        | Found a sacrificial altar of Ru.
   198 | D        | Found an oddly glowing altar of Pakellas.
   198 | D        | Found a basalt altar of Yredelemnul.
   198 | D        | Found a glowing golden altar of the Shining One.
   198 | D        | Found a sparkling altar of Nemelex Xobeh.
   198 | D        | Found a shimmering altar of Xom.
   198 | D        | Found an opulent altar of Gozag.
   198 | D        | Found an ancient bone altar of Kikubaaqudgha.
   198 | D        | Found a glowing silver altar of Zin.
   198 | D        | Noticed a yak
   222 | D        | Slain by a yak

Skill      XL: |  1  2  3  4  5  6 |
---------------+-------------------+-----
Fighting       | 5 7 9 |  9.9
Long Blades    | 5 7 9 |  9.6
Dodging        | 2 3 4 |  4.1
Armour         | 3 4 5 |  5.0
Stealth        | |  0.1

Action                   |  1- 3 |  4- 6 || total
-------------------------+-------+-------++-------
Melee: Falchion          |    15 |    31 ||    46
Invok: Berserk           |     2 |     2 ||     4
       Trog's Hand       |       |     2 ||     2
  Use: Potion            |       |     3 ||     3
 Stab: Sleeping          |       |     1 ||     1
  Eat: Chunk             |       |     1 ||     1
Armor: Animal skin       |     2 |       ||     2
Dodge: Dodged            |     3 |    15 ||    18
